 Dungeon Crawl Stone Soup version 0.24-a0-48-g0ecae65 (webtiles) character file.

Game seed: 4762268895275909144

39 Geeful the Conjurer (level 3, -3/21 HPs)
             Began as an Octopode Conjurer on Feb 3, 2019.
             Slain by a sky beast (5 damage)
             ... on level 2 of the Dungeon.
             The game lasted 00:03:43 (1171 turns).

Geeful the Conjurer (Octopode Conjurer)             Turns: 1171, Time: 00:03:44

Health: -3/21      AC:  1    Str:  7    XL:     3   Next: 47%
Magic:  1/6        EV: 13    Int: 18    God:
Gold:   78         SH:  0    Dex: 12    Spells: 3/6 levels left

rFire    . . .     SeeInvis .   e - +4 dagger
rCold    . . .     Gourm    .   (no shield)
rNeg     . . .     Faith    .   (helmet restricted)
rPois    .         Spirit   .   (no amulet)
rElec    .         Reflect  .   (no ring)
rCorr    .         Harm     .   (no ring)
MR       .....                  (no ring)
Stlth    +++.......             (no ring)
HPRegen  0.07/turn              (no ring)
MPRegen  0.10/turn              (no ring)
                                (no ring)
                                (no ring)

@: no status effects
A: almost no armour, stealthy swim, amphibious, 8 rings, constrict 8, camouflage
1, gelatinous body 1
a: no special abilities


You were on level 2 of the Dungeon.
You were not hungry.

You visited 1 branch of the dungeon, and saw 2 of its levels.

You collected 78 gold pieces.

Inventory:

Hand Weapons
 e - a +4 dagger (weapon)
 k - a +1 vampiric short sword
Jewellery
 j - an uncursed ring of resist corrosion {unknown}
Scrolls
 a - a scroll of fog
Potions
 c - a potion of curing {unknown}
 d - a potion of lignification {unknown}
 g - a potion of brilliance {unknown}
 i - a potion of degeneration {unknown}
Comestibles
 b - 6 rations


   Skills:
 + Level 2.5 Dodging
 + Level 3.5 Stealth
 + Level 2.4 Spellcasting
 + Level 4.3 Conjurations


You had 3 spell levels left.
You knew the following spells:

 Your Spells              Type           Power        Failure   Level  Hunger
a - Magic Dart            Conj           ###.         3%          1    #......
b - Searing Ray           Conj           ###...       4%          2    ##.....

Your spell library contained the following spells:

 Spells                   Type           Power        Failure   Level  Hunger
 Dazzling Spray           Conj/Hex       #.....       22%         3    ###....
 Iskenderun's Mystic Bla  Conj           ###.....     30%         4    #####..
 Force Lance              Conj/Tloc      #.......     56%         4    #####..
 Fulminant Prism          Conj/Hex       #.........   56%         4    #####..


Dungeon Overview and Level Annotations

Branches:
Dungeon (2/15)

Altars:


Innate Abilities, Weirdness & Mutations

You cannot wear most types of armour.
You are very stealthy in the water. (Stealth+)
You are amphibious.
You can wear up to eight rings at the same time.
You can use your tentacles to constrict eight enemies at once.
Your skin changes colour to match your surroundings (Stealth+).
Your rubbery body absorbs attacks. (AC +1, EV +1)


Message History

The sky beast is moderately wounded.
Casting: Searing Ray (safe; 4% risk of failure)
Confirm with . or Enter, or press ? or * to list all spells.
Aiming: Searing Ray (safe; 4% risk of failure)
Press: ? - help, Shift-Dir - straight line, f/p - sky beast
Aim: a sky beast (moderately wounded, poisoned)
The searing ray misses the sky beast. (Press . to maintain the ray.)
The searing ray hits the sky beast.
The sky beast is moderately wounded.
The sky beast hits you. The sky beast shocks you.
The searing ray misses the sky beast.
The sky beast hits you. The sky beast shocks you.
* * * LOW HITPOINT WARNING * * *
The searing ray hits the sky beast.
The sky beast is severely wounded.
You finish channeling your searing ray.
The sky beast hits you.
* * * LOW HITPOINT WARNING * * *
The sky beast shocks you.
You die...

#...#######.#
#.#†#^......#
#.#.'(####### ##'###.##
#...##..# ###.#..#..#
#...##.##.#
#.#####'#....##.#######
#(...Y@.#######.#.....#
#########.........###.#
#..###......# #.# #..#
#.####.###.#
#..###.####.....#
#..#.....####.#.#
#..#.###.####.#.#
#....# #....#.#..
#..#.###.##.#.###


You could see a sky beast.

Vanquished Creatures
  An adder (D:2)
  A dart slug (D:1)
  4 bats
  4 giant cockroaches
  3 goblins
  4 hobgoblins
  3 kobolds
  5 rats
25 creatures vanquished.

Notes
Turn   | Place    | Note
-------+----------+-------------------------------------------
     0 | D:1      | Geeful the Octopode Conjurer began the quest for the Orb.
     0 | D:1      | Reached XP level 1. HP: 11/11 MP: 3/3
   159 | D:1      | Reached XP level 2. HP: 15/17 MP: 5/5
   717 | D:1      | Learned a level 2 spell: Searing Ray
   928 | D:2      | Reached XP level 3. HP: 16/21 MP: 6/6
  1160 | D:2      | Noticed a sky beast
  1171 | D:2      | Slain by a sky beast

Vault maps used:
D:1:      minmay_arrival_nine_rooms
D:2:      minmay_chambers_of_ones, first_ration

Skill      XL: |  1 |
---------------+----+-----
Stealth        | 3 |  3.5
Dodging        | |  2.5
Spellcasting   | |  2.4
Conjurations   | |  4.3

Action                   || total
-------------------------++-------
Melee: Unarmed           ||    16
       Constrict         ||    13
       Tentacles         ||     9
       Dagger            ||    31
Throw: Javelin           ||     2
 Cast: Searing Ray       ||     2
  Use: Scroll            ||     6
 Stab: Sleeping          ||     9
  Eat: Chunk             ||     1
Armor: Skin              ||     3
Dodge: Dodged            ||    28

Table legend:
 A = Non-vault XP
 B = Vault XP
 C = Vault XP percentage of total XP
 D = Non-vault monster count
 E = Vault monster count
 F = Vault count percentage of total count
                 A         B        C        D         E       F
            +---------+---------+-------+---------+---------+-------
      Total |      53 |       4 |   7.0 |      23 |       2 |   8.0
            +---------+---------+-------+---------+---------+-------
        D:1 |      28 |       0 |   0.0 |      14 |       0 |   0.0
        D:2 |      25 |       4 |  13.8 |       9 |       2 |  18.2
            +---------+---------+-------+---------+---------+-------
